 Dungeon Crawl Stone Soup version 0.29-a0-270-g1586fc07ea (webtiles) character file.

Game seed: 18047585732377771323

16 siradein the Grave Robber (level 2, -1/20 HPs)
             Began as a Vampire Necromancer on Mar 7, 2022.
             Slain by a ball python (3 damage)
             ... on level 1 of the Dungeon.
             The game lasted 00:02:53 (591 turns).

siradein the Grave Robber (Vampire Necromancer)      Turns: 591, Time: 00:02:53

Health: -1/20      AC:  5    Str:  7    XL:     2   Next: 41%
Magic:  4/5        EV: 10    Int: 17    God:
Gold:   23         SH:  0    Dex: 14    Spells: 4/5 levels left

rFire   . . .      SeeInvis +   a - +0 spear
rCold   . . .      Faith    .   (no shield)
rNeg    . . .      Spirit   .   h - +0 ring mail
rPois   .          Reflect  .   (no helmet)
rElec   .          Harm     .   (no cloak)
rCorr   .          Rampage  .   (no gloves)
Will    .....                   (no boots)
Stlth   ++........              (no amulet)
HPRegen 0.26/turn               (no ring)
MPRegen 0.09/turn               (no ring)

@: healing quickly
A: alive, fangs 3, see invisible, vampiric 1
a: Exsanguinate


You were on level 1 of the Dungeon.
You visited 1 branch of the dungeon, and saw 1 of its levels.

You collected 23 gold pieces.

Inventory:

Hand Weapons
 a - a +0 spear (weapon)
Armour
 h - a +0 ring mail (worn)
Scrolls
 c - a scroll of immolation {unknown}
 e - 2 scrolls of identify {unknown}
 g - a scroll of fog {unknown}
Potions
 b - 2 potions of magic
 f - a potion of haste {unknown}


   Skills:
 + Level 0.6 Fighting
 + Level 0.4 Polearms
 + Level 2.5 Dodging
 - Level 3.0 Stealth
 + Level 2.2 Spellcasting
 + Level 4.5 Necromancy


You had 4 spell levels left.
You knew the following spells:

 Your Spells              Type           Power      Damage    Failure   Level
a - Pain                  Necr           68%        1d7       11%         1

Your spell library contained the following spells:

 Spells                   Type           Power      Damage    Failure   Level
 Animate Skeleton         Necr           34%        N/A       11%         1
 Vampiric Draining        Necr           17%        2d7       30%         3
 Animate Dead             Necr           8%         N/A       71%         4
 Agony                    Necr           17%        N/A       96%         5


Dungeon Overview and Level Annotations

Branches:
Dungeon (1/15)

Altars:


Innate Abilities, Weirdness & Mutations

Your natural rate of healing is accelerated.
You have razor-sharp teeth.
You have supernaturally acute eyesight. (SInv)
You are afflicted with vampirism.


Message History

You barely miss the quokka.
The quokka is heavily wounded.
The quokka bites you.
You are too injured to fight recklessly!
The quokka attacks as you move away! The quokka bites you. x2
* * * LOW HITPOINT WARNING * * *
The quokka attacks as you move away! The quokka barely misses you.
The ball python attacks as you move away!
The ball python barely misses you. The quokka attacks as you move away!
The quokka bites you but does no damage.
The quokka bites you but does no damage.
The quokka attacks as you move away! The quokka bites you.
* * * LOW HITPOINT WARNING * * *
The quokka attacks as you move away! The quokka barely misses you.
The ball python closely misses you. x2
The quokka attacks as you move away! The quokka closely misses you.
The ball python attacks as you move away!
The ball python barely misses you.
The giant cockroach waves its antennae.
The quokka barely misses you. The quokka attacks as you move away!
The quokka bites you but does no damage. x2
A dart slug comes into view.
The dart slug launches a dart at you.
The slug dart hits you but does no damage.
The quokka attacks as you move away! The quokka bites you.
* * * LOW HITPOINT WARNING * * *
The ball python bites you but does no damage.
The ball python barely misses you.
The ball python attacks as you move away!
The ball python barely misses you. x2
The ball python attacks as you move away!
The ball python closely misses you. The quokka closely misses you.
The quokka attacks as you move away! The quokka barely misses you.
The quokka attacks as you move away! The quokka bites you.
* * * LOW HITPOINT WARNING * * *
The ball python attacks as you move away!
The ball python bites you.
You die...

............................#....
.......#...........#†.......#....
..†....#....................#....
.......#...........#....)...#####
.......#...........#........##...
.......#####...........##........
.......# ###...........###.......
.......# #.............##........
.......###......@SS....##........
.................r..B..##........
.....................#...........
.....................#.......#...
##................>..#.)[....#...
##.......#....#..w...#.......####
##.......######......#..†........
.......... ........#....#..(..)
.......... ........#....#......


You could see a dart slug, a quokka, a giant cockroach and 2 ball pythons.

Vanquished Creatures
  3 endoplasms (D:1)
  2 kobolds (D:1)
  2 quokkas (D:1)
  A ball python (D:1)
  4 bats (D:1)
  A frilled lizard (D:1)
  A goblin (D:1)
  2 rats (D:1)
16 creatures vanquished.

Notes
Turn   | Place    | Note
-------+----------+-------------------------------------------
     0 | D:1      | siradein the Vampire Necromancer began the quest for the
                  | Orb.
     0 | D:1      | Reached XP level 1. HP: 13/13 MP: 3/3
    30 | D:1      | Found a faded altar of an unknown god.
   345 | D:1      | Reached XP level 2. HP: 20/20 MP: 5/5
   591 | D:1      | Slain by a ball python

Illustrated notes

Levels and vault maps discovered:
D:1:      lemuel_arrival_hallway, layout_basic,
          hellmonk_ecumenical_altar_slurped_away, dk_noncrumbling_4,
          nrook_loot_triangle, minmay_split_cup_large

Action                   || total
-------------------------++-------
Melee: Spear             ||    55
       Unarmed           ||    11
       Bite              ||     4
       Punch             ||     1
 Cast: Pain              ||     5
 Stab: Sleeping          ||     3
Armor: Leather armour    ||    15
       Ring mail         ||    20
Dodge: Dodged            ||    58

Table legend: (Time is in decaauts)
 A = Elapsed time spent in this place.
 B = Non-inter-level travel time spent in this place.
 C = Inter-level travel time spent in this place.
 D = Time resting spent in this place.
 E = Time spent auto-exploring this place.
 F = Levels seen in this place.
 G = Mean time per level.
                   A        B        C        D        E       F      G
               +--------+--------+--------+--------+--------+-----+--------+
         Total |    594 |    594 |      0 |      0 |    357 |   1 |  594.0 |
       Dungeon |    594 |    594 |      0 |      0 |    357 |   1 |  594.0 |
               +--------+--------+--------+--------+--------+-----+--------+

Top non-repeatable levels by time:
     D:1: 594 daAuts
